 Dungeon Crawl Stone Soup version 0.21-a0-417-g0adc95b (webtiles) character file.

58 Snakeypoo the Sneak (level 3, 0/18 HPs)
             Began as a Spriggan Assassin on Nov 3, 2017.
             Slain by Robin
             ... wielding a +2 whip of flaming
              (2 damage)
             ... on level 2 of the Dungeon.
             The game lasted 00:09:03 (1096 turns).

Snakeypoo the Sneak (Spriggan Assassin)             Turns: 1096, Time: 00:09:04

Health: 0/18       AC:  3    Str:  7    XL:     3   Next: 76%
Magic:  4/4        EV: 24    Int: 12    God:
Gold:   67         SH:  0    Dex: 23    Spells: 2/2 levels left

rFire    . . .     SeeInvis +   a - +2 dagger
rCold    . . .     Gourm    .   (shield restricted)
rNeg     . . .     Faith    .   c - +0 robe
rPois    .         Spirit   .   (helmet restricted)
rElec    .         Reflect  .   d - +0 cloak
rCorr    .         Harm     .   (gloves unavailable)
MR       .....                  (boots unavailable)
Stlth    +++++.....             (no amulet)
HPRegen  0.06/turn              (no ring)
MPRegen  0.09/turn              (no ring)

@: agile, very quick
A: unfitting armour, see invisible, herbivore 3, speed 3, slow metabolism 2
a: no special abilities


You were on level 2 of the Dungeon.
You were not hungry.

You visited 1 branch of the dungeon, and saw 2 of its levels.

You collected 67 gold pieces.

Inventory:

Hand Weapons
 a - a +2 dagger (weapon)
 b - a +0 blowgun
Missiles
 e - 8 poisoned needles
 f - 2 curare-tipped needles
Armour
 c - a +0 robe (worn)
 d - a +0 cloak (worn)
Scrolls
 h - a scroll of teleportation {unknown}
 p - a scroll of fog {unknown}
Potions
 k - a potion of degeneration
 l - a potion of resistance
 m - a potion of might
 n - a potion of flight {unknown}
 o - a potion of cancellation {unknown}
Comestibles
 g - 2 bread rations


   Skills:
 + Level 2.3 Fighting
 + Level 2.8 Short Blades
 - Level 2.0 Throwing
 + Level 2.8 Dodging
 + Level 6.5 Stealth


You had 2 spell levels left.
You didn't know any spells.

Dungeon Overview and Level Annotations

Branches:
Dungeon (2/15)

Altars:
The Shining One

Annotations:
D:2 Robin


Innate Abilities, Weirdness & Mutations

You are very small and have problems with some larger weapons.
You are too small for most types of armour.
You have supernaturally acute eyesight. (SInv)
You are a herbivore.
You cover ground extremely quickly.
You need consume almost no food.


Message History

Robin is heavily wounded.
Robin misses you.
You hit Robin.
Robin is heavily wounded.
Robin misses you.
You hit Robin.
Robin is severely wounded.
Robin completely misses you.
A goblin comes into view. It is wielding a club.
The goblin shouts!
You hit Robin but do no damage.
Robin is severely wounded.
Robin roars a battlecry!
The goblin goes into a battle-frenzy!
You closely miss Robin.
Robin is severely wounded.
Robin hits you with a whip of flaming.
* * * LOW HITPOINT WARNING * * *
Robin burns you.
You die...

#...<....(.###..###...
#.##.#####.# #..# #...
#.##.## ##.###[.# ###.
#..... .......# #.
g.#.# #..###.######
###.###.#.# ##.>#
#....... .....g....#
##...###..####.
#..####.........###..
#.gg@...........##...
#.#####.....###.###..
#..# ###...## #...)..
#.## ##.##.## ######.
#. #.#...# #. #.
##.#### #. #. #.# #.
#.# .. #.# .#


You could see Robin, a hobgoblin and a goblin.

Vanquished Creatures
  An adder (D:2)
  An ooze (D:1)
  A dart slug (D:1)
  A leopard gecko (D:1)
  A ball python (D:1)
  4 bats (D:1)
  A giant cockroach (D:1)
  4 goblins
  9 hobgoblins
  2 jackals (D:1)
  6 kobolds
  2 frilled lizards (D:1)
  5 rats
38 creatures vanquished.

Notes
Turn   | Place    | Note
-------+----------+-------------------------------------------
     0 | D:1      | Snakeypoo the Spriggan Assassin began the quest for the Orb.
     0 | D:1      | Reached XP level 1. HP: 10/10 MP: 2/2
   102 | D:1      | Reached skill level 6 in Stealth
   123 | D:1      | Reached XP level 2. HP: 9/15 MP: 3/3
   140 | D:1      | Found a glowing golden altar of the Shining One.
   399 | D:1      | Reached XP level 3. HP: 13/18 MP: 4/4
   942 | D:2      | Noticed Robin
  1096 | D:2      | Slain by Robin

Vault maps used:
D:1:      zaba_arrival_water, nrook_uturn, minivault_5, tso_metal_star
D:2:      uniq_robin, uniq_natasha, uniq_terence

Skill      XL: |  1  2 |
---------------+-------+-----
Stealth        | 6 |  6.5
Fighting       | 2 |  2.3
Dodging        | 2 |  2.8
Short Blades   | |  2.8
Throwing       | |  2.0

Action                   || total
-------------------------++-------
Melee: Dagger            ||   131
  Use: Scroll            ||     4
       Potion            ||     3
 Stab: Sleeping          ||    11
       Distracted        ||     1
Armor: Robe              ||    13
Dodge: Dodged            ||    91

Table legend:
 A = Spawn XP
 B = Non-spawn XP
 C = Spawn XP percentage of total XP
 D = Spawn monster count
 E = Non-spawn monster count
 F = Spawn count percentage of total count
 G = Total turns spent on level
                    A         B        C        D         E        F      G
               +---------+---------+-------+---------+---------+-------+---------
         Total |       0 |      84 |   0.0 |       0 |      38 |   0.0 |  1096
               +---------+---------+-------+---------+---------+-------+---------
           D:1 |       0 |      52 |   0.0 |       0 |      27 |   0.0 |   866
           D:2 |       0 |      32 |   0.0 |       0 |      11 |   0.0 |   230
               +---------+---------+-------+---------+---------+-------+---------
